 Dungeon Crawl Stone Soup version 0.29.0-4-gdea44cf6ec (webtiles) character file.

Game seed: 14814399043024434632

27666 qw the Brawler (level 13, -1/124 HPs)
             Began as a Troll Cinder Acolyte on Sept 3, 2022.
             Was an Initiate of Ignis.
             Slain by a gargoyle
             ... wielding a +0 flail
              (2 damage)
             ... while petrified by a catoblepas
             ... in a Gauntlet.
             The game lasted 00:06:25 (9233 turns).

qw the Brawler (Troll Cinder Acolyte)               Turns: 9233, Time: 00:06:26

Health: -1/124     AC: 33    Str: 29    XL:     13   Next: 5%
Magic:  13/13      EV:  1    Int: 10    God:    Ignis [......]
Gold:   737        SH:  0    Dex:  3    Spells: 14/14 levels left

rFire   + + .      SeeInvis +     - Unarmed
rCold   + . .      Faith    .   k - +0 kite shield
rNeg    + + +      Spirit   .   b - +9 scales of the Dragon King {rPois rF+ rC+ Will+}
rPois   inf        Reflect  .   (helmet restricted)
rElec   .          Harm     .   l - +1 cloak
rCorr   .          Rampage  .   (gloves unavailable)
Will    +....      NoTele   +   (boots unavailable)
Stlth   ..........              f - amulet of regeneration
HPRegen 1.90/turn               j - ring of see invisible
MPRegen 0.13/turn               r - +4 ring of protection

@: petrified
A: large, unfitting armour, claws 3, regeneration 1, shaggy fur 1, tough skin 1,
clumsy 1
a: Renounce Religion, Rising Flame


You were in a Gauntlet.
You worshipped Ignis.
Ignis was noncommittal.
You visited 2 branches of the dungeon, and saw 12 of its levels.
You also visited: Sewer and Gauntlet.

You collected 737 gold pieces.


Innate Abilities, Weirdness & Mutations

You are too large for most types of armour.
You have claws for hands.
Your natural rate of healing is unusually fast.
You are covered in fur. (AC +1)
You have tough skin. (AC +1)
You are clumsy. (Dex -2)


   Skills:
 - Level 7.2 Fighting
 - Level 7.1 Throwing
 - Level 7.0 Armour
 + Level 1.9 Shields
 - Level 17.2 Unarmed Combat
 - Level 1.0 Spellcasting
 - Level 2.1 Fire Magic


You had 14 spell levels left.
You didn't know any spells.
Your spell library contained the following spells:

 Spells                   Type           Power      Damage    Failure   Level
 Scorch                   Fire           8%         2d5       100%        2

Inventory:

Missiles
 n - 2 large rocks (quivered)
Armour
 b - the +9 scales of the Dragon King (worn) {rPois rF+ rC+ Will+}
   (You acquired it on level 1 of the Dungeon)

   rF:        It protects you from fire.
   rC:        It protects you from cold.
   rPois:     It protects you from poison.
   Will:      It increases your willpower.
 k - a +0 kite shield (worn)
 l - a +1 cloak (worn)
Jewellery
 d - a ring of fire
 f - an amulet of regeneration (around neck)
 j - a ring of see invisible (left claw)
 r - a +4 ring of protection (right claw)
 s - a +6 ring of strength
Scrolls
 a - 2 scrolls of identify
 c - 3 scrolls of teleportation
 p - 2 scrolls of enchant weapon
Potions
 e - 3 potions of heal wounds
 g - 3 potions of resistance
 h - 4 potions of curing
 i - 3 potions of might
 m - a potion of mutation

Dungeon Overview and Level Annotations

Branches:
Dungeon (10/15)            Temple (0/1) D:6            Lair (2/5) D:8
  Sewer (visited)         Gauntlet (1/1)
  Swamp: Lair:2-3    Shoals: Lair:2-3     Snake: Lair:2-3    Spider: Lair:2-3
    Orc: D:9-12

Altars:
Ashenzari
Cheibriados
Dithmenos
Fedhas
Gozag
Wu Jian

Shops:
D:1 (*   D:4 *   D:6 *   D:7 [   D:8 *   D:9 :

Annotations:
D:6 3 runed translucent doors, Acigrox's ghost, amateur TeWr; Eyebeam's ghost, novice NaBe; qw's ghost, novice TrCA Gauntlet 7 transporters, 17 runed translucent doors


Message History

You are engulfed in calcifying dust.
The molten gargoyle hits you but does no damage.
The catoblepas breathes a plume of calcifying dust at you.
The blast of calcifying dust hits you but does no damage.
The molten gargoyle blasts magma at you!
The bolt of magma hits you! You partially resist.
The gargoyle hits you but does no damage.
The gargoyle hurls a stone arrow at you.
The stone arrow hits you.
You are engulfed in calcifying dust.
The catoblepas gores you but does no damage.
The molten gargoyle hits you but does no damage.
The molten gargoyle blasts magma at you!
The bolt of magma hits you. You partially resist.
The gargoyle hits you but does no damage.
The gargoyle hits you with a +0 flail.
You are engulfed in calcifying dust.
The catoblepas gores you.
The molten gargoyle hits you but does no damage.
The molten gargoyle blasts magma at you!
The bolt of magma hits you. You partially resist.
The gargoyle hits you but does no damage.
The gargoyle hurls a stone arrow at you.
The stone arrow hits you but does no damage.
You are engulfed in calcifying dust.
The catoblepas gores you.
The molten gargoyle hits you but does no damage. x2
The gargoyle hits you but does no damage.
The gargoyle hits you with a +0 flail!
You are engulfed in calcifying dust.
The catoblepas gores you.
The molten gargoyle hits you but does no damage.
The molten gargoyle blasts magma at you!
The bolt of magma hits you! You partially resist.
The gargoyle hurls a stone arrow at you.
The stone arrow hits you. The gargoyle hits you with a +0 mace.
You are engulfed in calcifying dust.
The molten gargoyle hits you with a +0 mace!
You are engulfed in flames.
You resist. The catoblepas gores you!
The molten gargoyle hits you but does no damage.
The gargoyle hits you but does no damage.
The gargoyle hits you with a +0 flail.
You die...

########...###########..###
#.^.#....~....#.^.#.....#
#...#...~8ยค...#...#.8...###
#.^.#....~....#.^.#.....#8#
########...###########..###
.##.#.Z#...#..+.^.+..#..#
#.#..###...#..+...+..#..###
##.##.##...#++#+#'#++#..#8#
Z.#..P##...#..+9@9+..#..###
.^.#####...#..+9Y9+..#..#
###....#...#++#...#++#..###
.####.##...#..#'''#..#..#8#
.#..#.Z#...#.........#..###
#[^(?BB#...#..))^=...#..#
########...###########..###
........................#8#
........~\~............~###


You could see a catoblepas, 2 molten gargoyles and 2 gargoyles.

Vanquished Creatures
  Fannar (D:10)
  A hydra (Lair:1)
  A boulder beetle (D:8)
  A catoblepas (D:8)
  A tengu warrior (D:8)
  A two-headed ogre (D:8)
  3 death yaks (Lair:2)
  Sonja (D:10)
  Amaemon (D:8)
  Pikel (D:8)
  3 manticores (D:8)
  4 centaur zombies (D:10)
  A gargoyle (D:10)
  An orange demon (D:8)
  3 cane toads
  5 komodo dragons
  A troll (D:10)
  A polar bear (Lair:2)
  3 hornets (Gauntlet)
  Prince Ribbit (D:7)
  A blink frog (Lair:2)
  2 meliai zombies (D:10)
  5 spriggans (Lair:2)
  A centaur simulacrum (Gauntlet)
  Sigmund (D:6)
  2 shadows
  6 wraiths
  A vampire (D:9)
  34 yaks
  4 wyverns
  A basilisk (D:10)
  Grum (D:8)
  2 steam dragons
  Edmund (D:6)
  12 water moccasins
  A meliai simulacrum (Gauntlet)
  2 ice beasts
  4 orc warriors
  4 sky beasts (D:8)
  A black bear (D:8)
  3 centaurs (D:8)
  3 wolves (D:8)
  3 ogres
  A lemure (D:8)
  2 phantoms (D:5)
  A kobold brigand (D:6)
  8 bullfrogs
  A necrophage (D:7)
  A gnoll sergeant (D:8)
  A scorpion (D:6)
  A hornet simulacrum (Gauntlet)
  3 wights (D:8)
  9 killer bees
  A howler monkey (D:7)
  2 electric eels (D:8)
  2 jellies
  3 hounds
  4 gnoll boudas
  3 orc priests
  2 iguanas
  7 orc wizards
  A merfolk siren (Sewer)
  A merfolk avatar (Sewer)
  7 adders
  17 gnolls
  2 river rats (Sewer)
  2 shadow imps (D:8)
  3 white imps
  2 ufetubi
  A worm (D:6)
  8 dart slugs
  27 orcs
  7 endoplasms
  6 giant cockroaches
  8 goblins
  6 hobgoblins
  4 jackals (D:3)
  5 quokkas
  11 ball pythons
  9 bats
  6 frilled lizards
  16 kobolds
  22 rats
353 creatures vanquished.

Vanquished Creatures (others)
  2 fungi (Lair:2)
  14 plants
  8 withered plants
24 creatures vanquished.

Grand Total: 377 creatures vanquished

Notes
Turn   | Place    | Note
-------+----------+-------------------------------------------
     0 | D:1      | qw the Troll Cinder Acolyte began the quest for the Orb.
     0 | D:1      | Reached XP level 1. HP: 22/22 MP: 1/1
     0 | D:1      | 0 ||| qw: Version: 0.1-a-100-g36b9a1f
     0 | D:1      | 0 ||| qw: Game counter: 5046
     0 | D:1      | 0 ||| qw: Always use a shield: true
     0 | D:1      | 0 ||| qw: God list: Okawaru
     0 | D:1      | 0 ||| qw: Allow faded altars: false
     0 | D:1      | 0 ||| qw: Do Orc after D:15 true
     0 | D:1      | 0 ||| qw: Do second Lair branch before Depths: true
     0 | D:1      | 0 ||| qw: Lair rune preference: random
     0 | D:1      | 0 ||| qw: Plans: Normal
     0 | D:1      | 0 ||| PLANNING D:1-11
   110 | D:1      | Found Millyesch's Assorted Antiques.
   117 | D:1      | 117 ||| SHOPLISTING blue potion (26 gold, have 12).
   117 | D:1      | 117 ||| SHOPLISTING cloak (130 gold, have 12).
   117 | D:1      | 117 ||| SHOPLISTING green potion (26 gold, have 12).
   117 | D:1      | 117 ||| SHOPLISTING puce potion (26 gold, have 12).
   117 | D:1      | 117 ||| SHOPLISTING scroll labelled CYQ IHYOREUFO (29 gold,
                  | have 12).
   117 | D:1      | 117 ||| SHOPLISTING scroll labelled NIKACO CAOTAR (29 gold,
                  | have 12).
   117 | D:1      | 117 ||| SHOPLISTING scroll labelled QOUGALLEATZ (29 gold,
                  | have 12).
   117 | D:1      | 117 ||| SHOPLISTING scroll labelled XUEFFO DIUTT (29 gold,
                  | have 12).
   164 | D:1      | Found Imoczar's Weapon Shop.
   275 | D:1      | Reached XP level 2. HP: 27/29 MP: 2/2
   282 | D:1      | Found a faded altar of an unknown god.
   765 | D:1      | 765 ||| READING scroll labelled CYQ IHYOREUFO.
   766 | D:1      | 766 ||| READING scroll labelled SYGHAUZAUXT.
   766 | D:1      | Identified a scroll of acquirement
   766 | D:1      | 766 ||| ACQUIRING +9 scales of the Dragon King {rPois rF+
                  | rC+ Will+}
   766 | D:1      | Acquired the +9 scales of the Dragon King {rPois rF+ rC+
                  | Will+}
   766 | D:1      | Found the +9 scales of the Dragon King {rPois rF+ rC+
                  | Will+}
   768 | D:1      | 768 ||| UPGRADING to +9 scales of the Dragon King {rPois
                  | rF+ rC+ Will+}.
   778 | D:1      | 778 ||| DROPPING +0 robe.
  1150 | D:2      | 1150 ||| Stepping ~*~*~tactically~*~*~ (stealth).
  1151 | D:2      | 1151 ||| Stepping ~*~*~tactically~*~*~ (stealth).
  1231 | D:2      | Reached skill level 1 in Armour
  1231 | D:2      | Reached XP level 3. HP: 36/36 MP: 3/3
  1330 | D:2      | 1330 ||| Stepping ~*~*~tactically~*~*~ (hiding).
  1339 | D:2      | Reached skill level 4 in Unarmed Combat
  1733 | D:2      | 1733 ||| UPGRADING to amulet of regeneration.
  1738 | D:2      | 1738 ||| READING 3 scrolls of identify.
  1738 | D:2      | 1738 ||| IDENTIFYING brown potion
  1739 | D:2      | 1739 ||| READING 2 scrolls of identify.
  1739 | D:2      | 1739 ||| IDENTIFYING fizzy grey potion
  1740 | D:2      | 1740 ||| DROPPING potion of magic.
  1823 | D:3      | Reached XP level 4. HP: 44/44 MP: 4/4
  1906 | D:3      | Reached skill level 5 in Unarmed Combat
  1960 | D:3      | 1960 ||| Stepping ~*~*~tactically~*~*~ (hiding).
  1961 | D:3      | 1961 ||| Stepping ~*~*~tactically~*~*~ (hiding).
  2141 | D:3      | 2141 ||| READING 2 scrolls labelled NIKACO CAOTAR.
  2142 | D:3      | 2142 ||| DROPPING scroll of immolation.
  2299 | D:2      | 2299 ||| Stepping ~*~*~tactically~*~*~ (stealth).
  2375 | D:3      | 2375 ||| Stepping randomly (stuck).
  2418 | D:4      | 2418 ||| STAIRDANCE
  2426 | D:4      | 2426 ||| STAIRDANCE
  2432 | D:3      | Reached XP level 5. HP: 50/50 MP: 5/5
  2621 | D:4      | Found Gozag's Platinum Reserve.
  2663 | D:4      | 2663 ||| Stepping ~*~*~tactically~*~*~ (outnumbered).
  2790 | D:4      | Noticed an ogre
  2796 | D:4      | Killed an ogre
  2797 | D:4      | Reached skill level 6 in Unarmed Combat
  2836 | D:4      | Found an opulent altar of Gozag.
  2852 | D:4      | 2852 ||| SHOPLISTING amulet of Dim Light {RegenMP rC+ rN+}
                  | (4820 gold, have 236).
  2852 | D:4      | 2852 ||| SHOPLISTING ring of Traps {+Blink rElec rC+} (4600
                  | gold, have 236).
  3077 | D:4      | 3077 ||| READING scroll labelled HIENTA ZAYGO.
  3078 | D:4      | 3078 ||| READING scroll labelled UZEUBRAALU.
  3079 | D:4      | 3079 ||| READING scroll labelled DACVEREUMO.
  3080 | D:4      | 3080 ||| READING scroll labelled FANNOF ZEUGIGO.
  3081 | D:4      | 3081 ||| DRINKING 3 glowing coppery potions.
  3082 | D:4      | 3082 ||| READING 2 scrolls of identify.
  3082 | D:4      | 3082 ||| IDENTIFYING dark potion
  3083 | D:4      | 3083 ||| DROPPING potion of berserk rage.
  3114 | D:3      | 3114 ||| Stepping randomly (stuck).
  3188 | D:3      | Found a shadowy altar of Dithmenos.
  3193 | D:3      | 3193 ||| INVOKING Fiery Armour.
  3201 | D:3      | Reached XP level 6. HP: 59/59 MP: 6/6
  3267 | D:3      | 3267 ||| DRINKING 2 blue potions.
  3307 | D:3      | 3307 ||| DROPPING potion of lignification.
  3320 | D:5      | Entered Level 5 of the Dungeon
  3320 | D:5      | Noticed a water moccasin
  3322 | D:5      | 3322 ||| Stepping ~*~*~tactically~*~*~ (hiding).
  3339 | D:5      | 3339 ||| Stepping ~*~*~tactically~*~*~ (outnumbered).
  3340 | D:5      | 3340 ||| Stepping ~*~*~tactically~*~*~ (outnumbered).
  3341 | D:5      | Killed a water moccasin
  3343 | D:5      | 3343 ||| Stepping ~*~*~tactically~*~*~ (outnumbered).
  3348 | D:5      | 3348 ||| Stepping ~*~*~tactically~*~*~ (outnumbered).
  3349 | D:5      | 3349 ||| Stepping ~*~*~tactically~*~*~ (outnumbered).
  3359 | D:5      | Reached skill level 7 in Unarmed Combat
  3429 | D:5      | Noticed an ice beast
  3440 | D:5      | Killed an ice beast
  3441 | D:5      | Reached XP level 7. HP: 66/66 MP: 7/7
  3484 | D:5      | 3484 ||| Stepping ~*~*~tactically~*~*~ (stealth).
  3525 | D:5      | Reached skill level 8 in Unarmed Combat
  3530 | D:5      | 3530 ||| Stepping ~*~*~tactically~*~*~ (stealth).
  3537 | D:5      | 3537 ||| Stepping ~*~*~tactically~*~*~ (stealth).
  3539 | D:5      | 3539 ||| Stepping ~*~*~tactically~*~*~ (stealth).
  3549 | D:5      | Reached skill level 3 in Fighting
  3782 | D:5      | 3782 ||| UPGRADING to +0 cloak.
  3787 | D:5      | 3787 ||| UPGRADING to ring of see invisible.
  3788 | D:5      | 3788 ||| READING scroll labelled XUIS NUGONODE.
  3792 | D:5      | 3792 ||| READING scroll labelled XUEFFO DIUTT.
  3893 | D:5      | 3893 ||| READING 4 scrolls of identify.
  3893 | D:5      | 3893 ||| IDENTIFYING green potion
  3894 | D:5      | 3894 ||| READING 3 scrolls of identify.
  3894 | D:5      | 3894 ||| IDENTIFYING black potion
  3895 | D:5      | 3895 ||| READING 2 scrolls of identify.
  3895 | D:5      | 3895 ||| IDENTIFYING purple potion
  3896 | D:5      | 3896 ||| DROPPING potion of flight.
  3902 | D:6      | 3902 ||| PLANNING SEWER
  3906 | D:6      | Reached skill level 3 in Armour
  3906 | D:6      | Reached XP level 8. HP: 75/75 MP: 8/8
  3937 | D:6      | Found a staircase to the Ecumenical Temple.
  3946 | D:6      | Reached skill level 3 in Throwing
  3980 | D:6      | Found a glowing drain.
  4010 | Sewer    | Entered a sewer
  4125 | Sewer    | 4125 ||| Stepping ~*~*~tactically~*~*~ (outnumbered).
  4298 | Sewer    | 4298 ||| INVOKING Fiery Armour.
  4405 | Sewer    | 4405 ||| UPGRADING to ring of protection from cold.
  4406 | Sewer    | 4406 ||| READING scroll labelled IRUGGEA NEVUO.
  4457 | D:6      | 4457 ||| PLANNING D:1-11
  4501 | D:6      | Noticed Edmund
  4510 | D:6      | Killed Edmund
  4511 | D:6      | Reached skill level 9 in Unarmed Combat
  4550 | D:6      | Found an ornate altar of the Wu Jian Council.
  4573 | D:6      | Found a runed translucent gate.
  4574 | D:6      | Found a runed translucent gate.
  4574 | D:6      | Found a runed translucent gate.
  4575 | D:6      | Noticed Acigrox's ghost (amateur TeWr)
  4575 | D:6      | Noticed Eyebeam's ghost (novice NaBe)
  4575 | D:6      | Noticed qw's ghost (novice TrCA)
  4584 | D:6      | 4584 ||| Stepping ~*~*~tactically~*~*~ (hiding).
  4592 | D:6      | 4592 ||| INVOKING Fiery Armour.
  4600 | D:6      | Noticed Sigmund
  4601 | D:6      | 4601 ||| Stepping ~*~*~tactically~*~*~ (hiding).
  4603 | D:6      | 4603 ||| Stepping ~*~*~tactically~*~*~ (hiding).
  4612 | D:6      | Killed Sigmund
  4613 | D:6      | Reached skill level 10 in Unarmed Combat
  4703 | D:6      | 4703 ||| Stepping ~*~*~tactically~*~*~ (hiding).
  4705 | D:6      | 4705 ||| Stepping ~*~*~tactically~*~*~ (hiding).
  4836 | D:6      | 4836 ||| Stepping ~*~*~tactically~*~*~ (stealth).
  4839 | D:6      | 4839 ||| Stepping ~*~*~tactically~*~*~ (stealth).
  4845 | D:6      | 4845 ||| INVOKING Fiery Armour.
  4850 | D:6      | 4850 ||| Stepping ~*~*~tactically~*~*~ (outnumbered).
  4890 | D:6      | Reached XP level 9. HP: 81/81 MP: 9/9
  4911 | D:6      | Found Ponasaj's Serpentskin Sales.
  5076 | D:6      | 5076 ||| DRINKING 2 silvery potions.
  5076 | D:6      | Gained mutation: You are clumsy. (Dex -2) [potion of
                  | mutation]
  5105 | D:7      | 5105 ||| STAIRDANCE
  5107 | D:7      | 5107 ||| Stepping ~*~*~tactically~*~*~ (outnumbered).
  5108 | D:7      | 5108 ||| Stepping ~*~*~tactically~*~*~ (outnumbered).
  5109 | D:7      | 5109 ||| Stepping ~*~*~tactically~*~*~ (outnumbered).
  5110 | D:7      | 5110 ||| Stepping ~*~*~tactically~*~*~ (outnumbered).
  5111 | D:7      | 5111 ||| Stepping ~*~*~tactically~*~*~ (outnumbered).
  5112 | D:7      | 5112 ||| Stepping ~*~*~tactically~*~*~ (outnumbered).
  5113 | D:7      | 5113 ||| Stepping ~*~*~tactically~*~*~ (outnumbered).
  5114 | D:7      | 5114 ||| Stepping ~*~*~tactically~*~*~ (outnumbered).
  5116 | D:7      | 5116 ||| Stepping ~*~*~tactically~*~*~ (outnumbered).
  5117 | D:7      | 5117 ||| Stepping ~*~*~tactically~*~*~ (outnumbered).
  5118 | D:7      | 5118 ||| Stepping ~*~*~tactically~*~*~ (outnumbered).
  5119 | D:7      | 5119 ||| Stepping ~*~*~tactically~*~*~ (outnumbered).
  5120 | D:7      | 5120 ||| Stepping ~*~*~tactically~*~*~ (outnumbered).
  5121 | D:7      | 5121 ||| Stepping ~*~*~tactically~*~*~ (outnumbered).
  5122 | D:7      | 5122 ||| Stepping ~*~*~tactically~*~*~ (outnumbered).
  5123 | D:7      | 5123 ||| Stepping ~*~*~tactically~*~*~ (outnumbered).
  5277 | D:7      | 5277 ||| Stepping ~*~*~tactically~*~*~ (outnumbered).
  5278 | D:7      | 5278 ||| Stepping ~*~*~tactically~*~*~ (outnumbered).
  5279 | D:7      | 5279 ||| Stepping ~*~*~tactically~*~*~ (outnumbered).
  5450 | D:7      | Noticed Prince Ribbit
  5452 | D:7      | 5452 ||| Stepping ~*~*~tactically~*~*~ (hiding).
  5458 | D:7      | 5458 ||| INVOKING Fiery Armour.
  5470 | D:7      | Killed Prince Ribbit
  5471 | D:7      | Reached skill level 11 in Unarmed Combat
  5510 | D:7      | You fall into a shaft and drop 3 floors!
  5510 | D:10     | Entered Level 10 of the Dungeon
  5568 | D:10     | Noticed Sonja
  5570 | D:10     | 5570 ||| INVOKING Fiery Armour.
  5579 | D:10     | Killed Sonja
  5635 | D:10     | Noticed Fannar
  5652 | D:10     | Killed Fannar
  5653 | D:10     | Reached skill level 12 in Unarmed Combat
  5653 | D:10     | Reached XP level 10. HP: 65/93 MP: 10/10
  5703 | D:10     | 5703 ||| DROPPING orb of guile.
  5704 | D:10     | 5704 ||| READING scroll labelled IPIAFYT MUIXY.
  5711 | D:9      | Found Qasytuz's Book Boutique.
  5714 | D:9      | 5714 ||| READING 2 scrolls of teleportation.
  5717 | D:9      | 5717 ||| INVOKING Fiery Armour.
  5729 | D:9      | Found a broken altar of Ashenzari.
  5738 | D:10     | 5738 ||| STAIRDANCE
  5747 | D:10     | 5747 ||| STAIRDANCE
  5770 | D:10     | 5770 ||| Stepping ~*~*~tactically~*~*~ (stealth).
  5775 | D:10     | 5775 ||| Stepping ~*~*~tactically~*~*~ (stealth).
  5781 | D:10     | 5781 ||| Stepping ~*~*~tactically~*~*~ (outnumbered).
  5795 | D:10     | Reached skill level 13 in Unarmed Combat
  5821 | D:10     | 5821 ||| Stepping ~*~*~tactically~*~*~ (outnumbered).
  5867 | D:10     | Noticed a gargoyle
  5868 | D:10     | 5868 ||| Stepping ~*~*~tactically~*~*~ (hiding).
  5878 | D:10     | Killed a gargoyle
  5885 | D:10     | Reached skill level 14 in Unarmed Combat
  5977 | D:10     | 5977 ||| Stepping ~*~*~tactically~*~*~ (hiding).
  5986 | D:10     | Reached XP level 11. HP: 81/102 MP: 11/11
  6067 | D:10     | 6067 ||| Stepping ~*~*~tactically~*~*~ (outnumbered).
  6068 | D:10     | 6068 ||| Stepping ~*~*~tactically~*~*~ (outnumbered).
  6070 | D:10     | 6070 ||| Stepping ~*~*~tactically~*~*~ (outnumbered).
  6071 | D:10     | 6071 ||| Stepping ~*~*~tactically~*~*~ (outnumbered).
  6072 | D:10     | 6072 ||| Stepping ~*~*~tactically~*~*~ (outnumbered).
  6073 | D:10     | 6073 ||| Stepping ~*~*~tactically~*~*~ (outnumbered).
  6075 | D:10     | 6075 ||| Stepping ~*~*~tactically~*~*~ (outnumbered).
  6076 | D:10     | 6076 ||| Stepping ~*~*~tactically~*~*~ (outnumbered).
  6078 | D:10     | Reached skill level 6 in Fighting
  6079 | D:10     | 6079 ||| Stepping ~*~*~tactically~*~*~ (outnumbered).
  6666 | D:7      | Found Tuut's Armour Boutique.
  6914 | D:8      | Noticed Pikel
  6916 | D:8      | 6916 ||| INVOKING Fiery Armour.
  6918 | D:8      | 6918 ||| Stepping ~*~*~tactically~*~*~ (outnumbered).
  6926 | D:8      | Killed Pikel
  6927 | D:8      | Reached skill level 6 in Armour
  6984 | D:8      | 6984 ||| Stepping ~*~*~tactically~*~*~ (outnumbered).
  6985 | D:8      | 6985 ||| Stepping ~*~*~tactically~*~*~ (outnumbered).
  6986 | D:8      | 6986 ||| Stepping ~*~*~tactically~*~*~ (outnumbered).
  6987 | D:8      | 6987 ||| Stepping ~*~*~tactically~*~*~ (outnumbered).
  6990 | D:8      | 6990 ||| Stepping ~*~*~tactically~*~*~ (outnumbered).
  7062 | D:8      | Noticed Grum
  7063 | D:8      | 7063 ||| INVOKING Fiery Armour.
  7065 | D:8      | Killed Grum
  7074 | D:8      | 7074 ||| Stepping ~*~*~tactically~*~*~ (stealth).
  7075 | D:8      | 7075 ||| Stepping ~*~*~tactically~*~*~ (stealth).
  7077 | D:8      | 7077 ||| Stepping ~*~*~tactically~*~*~ (hiding).
  7087 | D:8      | Reached skill level 6 in Throwing
  7101 | D:8      | Noticed a two-headed ogre
  7105 | D:8      | Killed a two-headed ogre
  7116 | D:8      | Noticed Amaemon
  7117 | D:8      | 7117 ||| Stepping ~*~*~tactically~*~*~ (stealth).
  7123 | D:8      | Found a staircase to the Lair.
  7124 | D:8      | 7124 ||| Stepping ~*~*~tactically~*~*~ (hiding).
  7236 | D:8      | 7236 ||| Stepping ~*~*~tactically~*~*~ (stealth).
  7238 | D:8      | 7238 ||| Stepping ~*~*~tactically~*~*~ (hiding).
  7252 | D:8      | Killed Amaemon
  7300 | D:8      | 7300 ||| Stepping ~*~*~tactically~*~*~ (hiding).
  7310 | D:8      | 7310 ||| Stepping ~*~*~tactically~*~*~ (outnumbered).
  7311 | D:8      | 7311 ||| Stepping ~*~*~tactically~*~*~ (outnumbered).
  7351 | D:8      | Found Agyamn's Lightly-Used Armoury.
  7407 | D:8      | Found a snail-covered altar of Cheibriados.
  7409 | D:8      | Found a blossoming altar of Fedhas.
  7417 | D:8      | 7417 ||| Stepping ~*~*~tactically~*~*~ (hiding).
  7429 | D:8      | Reached skill level 15 in Unarmed Combat
  7430 | D:8      | 7430 ||| Stepping ~*~*~tactically~*~*~ (stealth).
  7437 | D:8      | 7437 ||| Stepping ~*~*~tactically~*~*~ (outnumbered).
  7438 | D:8      | 7438 ||| Stepping ~*~*~tactically~*~*~ (outnumbered).
  7439 | D:8      | 7439 ||| Stepping ~*~*~tactically~*~*~ (outnumbered).
  7440 | D:8      | 7440 ||| Stepping ~*~*~tactically~*~*~ (outnumbered).
  7441 | D:8      | 7441 ||| Stepping ~*~*~tactically~*~*~ (outnumbered).
  7442 | D:8      | 7442 ||| Stepping ~*~*~tactically~*~*~ (outnumbered).
  7443 | D:8      | 7443 ||| Stepping ~*~*~tactically~*~*~ (outnumbered).
  7444 | D:8      | 7444 ||| Stepping ~*~*~tactically~*~*~ (outnumbered).
  7467 | D:8      | 7467 ||| Stepping ~*~*~tactically~*~*~ (stealth).
  7468 | D:8      | 7468 ||| Stepping ~*~*~tactically~*~*~ (stealth).
  7493 | D:8      | 7493 ||| Stepping ~*~*~tactically~*~*~ (hiding).
  7540 | D:8      | 7540 ||| Stepping ~*~*~tactically~*~*~ (stealth).
  7623 | D:8      | 7623 ||| READING scroll of enchant armour.
  7623 | D:8      | 7623 ||| ENCHANTING +0 cloak.
  7716 | D:8      | 7716 ||| Stepping ~*~*~tactically~*~*~ (hiding).
  7718 | D:8      | 7718 ||| Stepping ~*~*~tactically~*~*~ (hiding).
  7719 | D:8      | 7719 ||| Stepping ~*~*~tactically~*~*~ (hiding).
  7720 | D:8      | 7720 ||| Stepping ~*~*~tactically~*~*~ (hiding).
  7836 | D:8      | 7836 ||| Stepping ~*~*~tactically~*~*~ (outnumbered).
  7837 | D:8      | 7837 ||| Stepping ~*~*~tactically~*~*~ (outnumbered).
  7838 | D:8      | 7838 ||| Stepping ~*~*~tactically~*~*~ (outnumbered).
  7914 | D:8      | 7914 ||| Stepping ~*~*~tactically~*~*~ (hiding).
  7923 | D:8      | Noticed a tengu warrior
  7928 | D:8      | 7928 ||| Stepping ~*~*~tactically~*~*~ (outnumbered).
  7930 | D:8      | 7930 ||| Stepping ~*~*~tactically~*~*~ (outnumbered).
  7931 | D:8      | 7931 ||| INVOKING Fiery Armour.
  7932 | D:8      | 7932 ||| Stepping ~*~*~tactically~*~*~ (outnumbered).
  7943 | D:8      | Killed a tengu warrior
  7944 | D:8      | Reached XP level 12. HP: 43/114 MP: 12/12
  7966 | D:8      | 7966 ||| Stepping ~*~*~tactically~*~*~ (stealth).
  8041 | D:8      | Noticed a catoblepas
  8048 | D:8      | 8048 ||| Stepping ~*~*~tactically~*~*~ (cloud).
  8050 | D:8      | Killed a catoblepas
  8051 | D:8      | Reached skill level 16 in Unarmed Combat
  8064 | D:8      | Noticed a boulder beetle
  8065 | D:8      | 8065 ||| INVOKING Fiery Armour.
  8072 | D:8      | Identified the +8 plate armour of Nemelex Xobeh's Hope
                  | {Rampage Int+4 Stlth+}
  8078 | D:8      | Killed a boulder beetle
  8148 | D:8      | 8148 ||| PLANNING LAIR
  8148 | D:8      | 8148 ||| DROPPING ring of flight.
  8149 | D:8      | 8149 ||| UPGRADING to +4 ring of protection.
  8151 | D:8      | 8151 ||| DROPPING ring of protection from cold.
  8152 | D:8      | 8152 ||| READING 4 scrolls of identify.
  8152 | D:8      | 8152 ||| IDENTIFYING yellow potion
  8153 | D:8      | 8153 ||| DROPPING potion of ambrosia.
  8182 | Lair:1   | Entered Level 1 of the Lair of Beasts
  8182 | Lair:1   | Noticed a four-headed hydra
  8183 | Lair:1   | 8183 ||| INVOKING Fiery Armour.
  8189 | Lair:1   | Killed a seven-headed hydra
  8364 | Lair:1   | 8364 ||| Stepping ~*~*~tactically~*~*~ (outnumbered).
  8369 | Lair:1   | 8369 ||| Stepping ~*~*~tactically~*~*~ (outnumbered).
  8370 | Lair:1   | 8370 ||| Stepping ~*~*~tactically~*~*~ (outnumbered).
  8431 | Lair:1   | You fall into a shaft and drop 1 floor!
  8432 | Lair:2   | 8432 ||| PLANNING GAUNTLET
  8432 | Lair:2   | 8432 ||| INVOKING Fiery Armour.
  8433 | Lair:2   | 8433 ||| Stepping ~*~*~tactically~*~*~ (outnumbered).
  8434 | Lair:2   | 8434 ||| Stepping ~*~*~tactically~*~*~ (outnumbered).
  8435 | Lair:2   | 8435 ||| Stepping ~*~*~tactically~*~*~ (outnumbered).
  8438 | Lair:2   | 8438 ||| Stepping ~*~*~tactically~*~*~ (outnumbered).
  8439 | Lair:2   | 8439 ||| Stepping ~*~*~tactically~*~*~ (outnumbered).
  8440 | Lair:2   | 8440 ||| Stepping ~*~*~tactically~*~*~ (outnumbered).
  8448 | Lair:2   | 8448 ||| Stepping ~*~*~tactically~*~*~ (outnumbered).
  8449 | Lair:2   | 8449 ||| Stepping ~*~*~tactically~*~*~ (outnumbered).
  8450 | Lair:2   | 8450 ||| Stepping ~*~*~tactically~*~*~ (outnumbered).
  8451 | Lair:2   | 8451 ||| Stepping ~*~*~tactically~*~*~ (outnumbered).
  8452 | Lair:2   | 8452 ||| Stepping ~*~*~tactically~*~*~ (outnumbered).
  8453 | Lair:2   | 8453 ||| Stepping ~*~*~tactically~*~*~ (outnumbered).
  8454 | Lair:2   | 8454 ||| Stepping ~*~*~tactically~*~*~ (outnumbered).
  8455 | Lair:2   | 8455 ||| Stepping ~*~*~tactically~*~*~ (outnumbered).
  8457 | Lair:2   | 8457 ||| Stepping ~*~*~tactically~*~*~ (outnumbered).
  8801 | Lair:2   | Noticed a death yak
  8802 | Lair:2   | Noticed a death yak
  8802 | Lair:2   | Noticed a death yak
  8807 | Lair:2   | Killed a death yak
  8808 | Lair:2   | Reached skill level 17 in Unarmed Combat
  8809 | Lair:2   | 8809 ||| Stepping ~*~*~tactically~*~*~ (outnumbered).
  8810 | Lair:2   | 8810 ||| Stepping ~*~*~tactically~*~*~ (outnumbered).
  8811 | Lair:2   | 8811 ||| Stepping ~*~*~tactically~*~*~ (outnumbered).
  8812 | Lair:2   | 8812 ||| Stepping ~*~*~tactically~*~*~ (outnumbered).
  8815 | Lair:2   | 8815 ||| Stepping ~*~*~tactically~*~*~ (outnumbered).
  8816 | Lair:2   | 8816 ||| Stepping ~*~*~tactically~*~*~ (outnumbered).
  8817 | Lair:2   | 8817 ||| Stepping ~*~*~tactically~*~*~ (outnumbered).
  8819 | Lair:2   | 8819 ||| Stepping ~*~*~tactically~*~*~ (outnumbered).
  8824 | Lair:2   | Killed a death yak
  8825 | Lair:2   | Killed a death yak
  8832 | Lair:2   | Reached XP level 13. HP: 90/124 MP: 13/13
  8904 | Lair:2   | Found a gate leading to a gauntlet.
  8905 | Lair:2   | 8905 ||| UPGRADING to +0 kite shield.
  8917 | Gauntlet | Entered a Gauntlet
  8917 | Gauntlet | Found a transporter.
  8917 | Gauntlet | Found a transporter.
  8917 | Gauntlet | Found a transporter.
  8918 | Gauntlet | Found a transporter.
  8921 | Gauntlet | Found a transporter.
  8921 | Gauntlet | Found a transporter.
  8931 | Gauntlet | Found a transporter.
  8935 | Gauntlet | Found a transporter.
  8937 | Gauntlet | Found a large runed translucent door.
  8938 | Gauntlet | Found a large runed translucent door.
  8939 | Gauntlet | Found a large runed translucent door.
  8939 | Gauntlet | Found a large runed translucent door.
  8939 | Gauntlet | Found a runed translucent door.
  8939 | Gauntlet | Found a runed translucent door.
  8940 | Gauntlet | Found a large runed translucent door.
  8940 | Gauntlet | Found a large runed translucent door.
  8940 | Gauntlet | Found a large runed translucent door.
  8940 | Gauntlet | Found a large runed translucent door.
  8941 | Gauntlet | Found a large runed translucent door.
  8941 | Gauntlet | Found a large runed translucent door.
  8942 | Gauntlet | Found a large runed translucent door.
  8942 | Gauntlet | Found a large runed translucent door.
  8943 | Gauntlet | Found a runed translucent gate.
  8943 | Gauntlet | Found a runed translucent gate.
  8943 | Gauntlet | Found a runed translucent gate.
  8945 | Gauntlet | Found a transporter.
  8956 | Gauntlet | Found a large runed translucent door.
  8957 | Gauntlet | Found a large runed translucent door.
  8966 | Gauntlet | Found a large runed translucent door.
  8966 | Gauntlet | Found a large runed translucent door.
  9051 | Gauntlet | Found a transporter.
  9052 | Gauntlet | Found a transporter.
  9061 | Gauntlet | Found a transporter.
  9133 | Gauntlet | Reached skill level 1 in Shields
  9201 | Gauntlet | 9201 ||| READING 3 scrolls of identify.
  9201 | Gauntlet | 9201 ||| IDENTIFYING fizzy emerald potion
  9202 | Gauntlet | 9202 ||| DROPPING potion of brilliance.
  9218 | Gauntlet | 9218 ||| Stepping ~*~*~tactically~*~*~ (cloud).
  9219 | Gauntlet | 9219 ||| Stepping ~*~*~tactically~*~*~ (cloud).
  9223 | Gauntlet | 9223 ||| Stepping ~*~*~tactically~*~*~ (cloud).
  9228 | Gauntlet | HP: 29/124 [molten gargoyle/bolt of magma (7)]
  9232 | Gauntlet | HP: 13/124 [gargoyle/+0 mace (3)]
  9233 | Gauntlet | HP: 6/124 [molten gargoyle/+0 mace (2)]
  9233 | Gauntlet | HP: 1/124 [catoblepas (5)]
  9233 | Gauntlet | Slain by a gargoyle

Levels and vault maps discovered:
D:1:      amcnicky_arrival_gap_in_the_tavern_cellar, layout_loops_cross,
          serial_shops, nicolae_shop_bloodbath_and_beyond, shop,
          hellmonk_ecumenical_altar_zigzags, chequers_jeans, corner_web_ring
D:2:      layout_loops_corners
D:3:      layout_basic, nicolae_dithmenos_shadow_blocks, minmay_between
D:4:      layout_loops_ring, nicolae_gozag_zags_fifth_avenue
D:5:      layout_rooms
D:6:      layout_loops_cross, nzn_wu_jian_contemplation,
          minmay_temple_entry_waves, gammafunk_ghost_cemetery,
          cheibrodos_sewer_entry_sluice, minmay_misc_feat_diagonals,
          columned_hall_lemuel, guppyfry_shop_venom, uniq_edmund, uniq_sigmund
D:7:      layout_cave_pods, serial_shops, nicolae_shop_window_shopping,
          chequers_serial_rivers_micro_e, uniq_prince_ribbit1
D:8:      nzn_winding_woodlands_large [nzn_winding_woodlands_5x5_checkerboard,
          nzn_winding_woodlands_5x15_sidewinder,
          nzn_winding_woodlands_5x5_closed_star,
          nzn_winding_woodlands_center_garden,
          nzn_winding_woodlands_15x15_eel_pit,
          nzn_winding_woodlands_center_lodge, nzn_winding_woodlands_5x5_cross,
          nzn_winding_woodlands_5x15_sawtooth,
          nzn_winding_woodlands_5x5_open_star], layout_basic,
          grunt_temple_overflow_open, minmay_shop_damaged, uniq_pikel,
          uniq_amaemon, uniq_grum
D:9:      layout_roguey, lemuel_crystal_altar, gammafunk_temple_overflow_statue,
          serial_shops, nicolae_take_the_stairs, uniq_gastronok
D:10:     layout_rooms, serial_undead, serial_undead_d, serial_undead_e,
          serial_undead_d, serial_undead_b, hangedman_abyss_or_decor_clamps,
          kennysheep_small_circle, uniq_sonja, uniq_fannar
Lair:1:   layout_chaotic_city
Lair:2:   kb_forest_paths, layout_regular_city, gauntlet_entry_generic
Gauntlet: gammafunk_gauntlet_hard_choice [nicolae_gauntlet_arena_blocks,
          nicolae_gauntlet_arena_flowing_pool,
          gammafunk_gauntlet_arena_chambers, gammafunk_gauntlet_arena_crates,
          gammafunk_gauntlet_arena_mazey,
          minmay_gauntlet_arena_make_your_own_arena, gauntlet_exit_hidden_loot]

Skill      XL: |  1  2  3  4  5  6  7  8  9 10 11 12 13 |
---------------+----------------------------------------+-----
Armour         | 1 2 3 4 5 6 7 |  7.0
Unarmed Combat | 4 5 6 7 8 10 12 14 15 17 | 17.2
Throwing       | 2 3 4 5 6 7 |  7.1
Fighting       | 3 4 5 6 7 |  7.2
Shields        | 1 |  1.9
Spellcasting   | |  1.0
Fire Magic     | |  2.1

Action                   |  1- 3 |  4- 6 |  7- 9 | 10-12 | 13-15 || total
-------------------------+-------+-------+-------+-------+-------++-------
Melee: Unarmed           |   107 |   144 |   261 |   466 |    30 ||  1008
       Punch             |     1 |     1 |     5 |    31 |       ||    38
Throw: Large rock        |       |       |    25 |    40 |     2 ||    67
Invok: Fiery Armour      |       |     1 |     5 |     7 |       ||    13
  Use: Scroll            |     4 |     6 |     6 |     4 |     1 ||    21
       Potion            |       |     2 |     1 |       |       ||     3
 Stab: Distracted        |       |       |       |     1 |       ||     1
Armor: Robe              |    15 |       |       |       |       ||    15
       Gold dragon scale |    55 |   126 |   202 |   433 |    67 ||   883
Dodge: Dodged            |    18 |     8 |    26 |    60 |     2 ||   114
Block: Kite shield       |       |       |       |       |     9 ||     9

Table legend:
 A = Non-vault XP
 B = Vault XP
 C = Vault XP percentage of total XP
 D = Non-vault monster count
 E = Vault monster count
 F = Vault count percentage of total count
                 A         B        C        D         E       F
            +---------+---------+-------+---------+---------+-------
      Total |   17566 |   21957 |  55.6 |     222 |     130 |  36.9
            +---------+---------+-------+---------+---------+-------
        D:1 |      28 |       0 |   0.0 |      18 |       0 |   0.0
        D:2 |      40 |       0 |   0.0 |      13 |       0 |   0.0
        D:3 |     169 |       4 |   2.3 |      35 |       2 |   5.4
        D:4 |     155 |       0 |   0.0 |      13 |       0 |   0.0
        D:5 |     951 |       0 |   0.0 |      15 |       0 |   0.0
        D:6 |     895 |     851 |  48.7 |      23 |      10 |  30.3
        D:7 |     688 |     277 |  28.7 |      21 |       1 |   4.5
        D:8 |    2072 |   10439 |  83.4 |      31 |      45 |  59.2
        D:9 |     397 |     422 |  51.5 |       6 |       2 |  25.0
       D:10 |    2873 |    5526 |  65.8 |      16 |      16 |  50.0
     Lair:1 |    3106 |       0 |   0.0 |      10 |       0 |   0.0
     Lair:2 |    6192 |    2990 |  32.6 |      21 |      11 |  34.4
      Sewer |       0 |     159 | 100.0 |       0 |      37 | 100.0
   Gauntlet |       0 |    1289 | 100.0 |       0 |       6 | 100.0
            +---------+---------+-------+---------+---------+-------
